 Dungeon Crawl Stone Soup version 0.26-a0-1129-gc5df7fbe6a (webtiles) character file.

Game seed: 1824758225354606240

2968 dillytodds the Cleaver (level 9, -10/69 (79) HPs)
             Began as a Palentonga Fighter on Dec 18, 2020.
             Was a Believer of Okawaru.
             Mangled by a hell rat (15 damage)
             ... on level 7 of the Dungeon.
             The game lasted 00:16:15 (7629 turns).

dillytodds the Cleaver (Palentonga Fighter)         Turns: 7629, Time: 00:16:15

HP:   -10/69 (79)   AC: 15    Str: 23    XL:     9   Next: 52%
MP:   12/12         EV: 13    Int:  8    God:    Okawaru [**....]
Gold: 264           SH: 10    Dex: 10    Spells: 8/8 levels left

rFire    + . .     SeeInvis +   a - +0 war axe
rCold    . . .     Faith    .   c - +0 kite shield
rNeg     . . .     Spirit   .   D - +2 leather armour {rF+}
rPois    .         Reflect  .   (no helmet)
rElec    .         Harm     .   d - +0 cloak
rCorr    .         Rampage  .   (no gloves)
Will     .....                  (no barding)
Stlth    +.........             (no amulet)
HPRegen  0.21/turn              y - +4 ring of evasion
MPRegen  0.13/turn              (no ring)

@: hasted, heavily drained, curled up, very quick
A: large, rugged brown scales 3, see invisible, deformed body, roll 1, armoured
tail, reflexive curl
a: Rolling Charge, Renounce Religion, Heroism


You were on level 7 of the Dungeon.
You worshipped Okawaru.
Okawaru was pleased with you.
You visited 2 branches of the dungeon, and saw 8 of its levels.
You also visited: Sewer.

You collected 264 gold pieces.

Inventory:

Hand Weapons
 a - a +0 war axe (weapon)
Armour
 c - a +0 kite shield (worn)
 d - a +0 cloak (worn)
 D - a +2 leather armour of fire resistance (worn)
Jewellery
 y - a +4 ring of evasion (left hand)
Wands
 r - a wand of random effects (7)
 u - a wand of iceblast (4)
Scrolls
 i - 5 scrolls of teleportation
 l - 2 scrolls of remove curse
 n - a scroll of random uselessness {unknown}
 p - 2 scrolls of enchant weapon {unknown}
 s - 2 scrolls of fog {unknown}
 t - 2 scrolls of amnesia {unknown}
 v - a scroll of fear {unknown}
 x - 2 scrolls of blinking {unknown}
 C - a scroll of identify
Potions
 f - 4 potions of berserk rage
 g - 4 potions of curing
 h - 3 potions of ambrosia
 j - 5 potions of haste
 k - 2 potions of flight
 m - 2 potions of mutation
 o - a potion of degeneration {unknown}
 q - 2 potions of brilliance
 w - 2 potions of magic {unknown}
 z - a potion of cancellation {unknown}
 A - a potion of invisibility {unknown}
 B - a potion of lignification {unknown}


   Skills:
 + Level 5.4 Fighting
 + Level 8.1 Axes
 + Level 4.7 Armour
 * Level 4.6 Dodging
 + Level 4.5 Shields
 * Level 4.0 Invocations


You had 8 spell levels left.
You didn't know any spells.
Your spell library was empty.

Dungeon Overview and Level Annotations

Branches:
Dungeon (7/15)             Temple (1/1) D:5           Sewer (visited)

Altars:
Ashenzari
Cheibriados
Dithmenos
Elyvilon
Fedhas
Gozag
Hepliaklqana
Kikubaaqudgha
Makhleb
Nemelex Xobeh
Okawaru
Qazlal
Ru
Sif Muna
Trog
Uskayaw
Vehumet
Wu Jian
Xom
Yredelemnul
Zin
The Shining One


Innate Abilities, Weirdness & Mutations

You are completely covered in rugged brown scales. (AC +3, +7% HP)
You have supernaturally acute eyesight. (SInv)
Armour fits poorly on your strangely shaped body.
You can roll at nearby foes to attack.
You have a long armoured tail.
You curl defensively after being hit.


Message History

* * * LOW HITPOINT WARNING * * *
You feel drained.
* * * LOW HITPOINT WARNING * * *
Unknown command.
You hit the hell rat.
You kill the hell rat!
Okawaru accepts your kill.
You slash the river rat!
The river rat is almost dead.
The river rat bites you.
* * * LOW HITPOINT WARNING * * *
Unknown command.
You barely miss the hell rat.
The hell rat is severely wounded.
The hell rat twitches its whiskers.
The hell rat bites you!
* * * LOW HITPOINT WARNING * * *
Unknown command.
You feel yourself speed up. The hell rat bites you!
You die...

#### #.<.# ##.#.# #..... ## ###.#
##†##.## #.#... .# #.# #†####.##
#.##.# .# ####.#######.# ###.##
#.##.# .# #.).......#.## .[##.#
#.##.# .# #.##.######.###...#.##
#.##.# .# #.##.# #..#....##.#
#.##.. .# ##.##.# #.†#r...#.##
#.#... )###...#.# #.@#..# ##.#
#.....
)##.#.#..######.#rr#..##.#####...
........<.....#..#....##.#.####.#
###.#.#...#.####.....##†##......#
# ##...#....####.#.#.###.#.###..#
# ##.........###.#####.##.###..#
# #####....#..###.###.#........
########...###..†#.#.##.##......#
.............####.##.#.#######.##


You could see a hell rat and a river rat.

Vanquished Creatures
  Grinder (D:4)
  Eustachio (D:5)
  Sigmund (D:5)
  A sky beast (D:6)
  2 black bears
  An ice beast (D:5)
  An orc warrior (D:7)
  A necrophage (D:7)
  4 ogres
  A phantom (D:6)
  2 centaurs
  4 bullfrogs (D:6)
  4 killer bees
  A howler monkey (D:4)
  A centaur zombie (D:6)
  An orc priest (D:6)
  A hound (D:4)
  Jessica (D:2)
  7 orc wizards
  Natasha (thrice) (D:2)
  2 hell rats (D:7)
  6 worker ants
  4 gnolls (D:2)
  7 adders
  6 river rats
  4 oozes
  An adder skeleton (D:4)
  4 worms
  5 dart slugs
  8 leopard geckos
  16 orcs
  8 ball pythons
  8 bats
  3 giant cockroaches
  8 goblins
  11 hobgoblins
  5 jackals
  3 quokkas
  10 frilled lizards
  9 kobolds
  A quokka skeleton (D:5)
  27 rats
195 creatures vanquished.

Vanquished Creatures (others)
  2 plants (D:2)
  6 withered plants (D:4)
8 creatures vanquished.

Grand Total: 203 creatures vanquished

Notes
Turn   | Place    | Note
-------+----------+-------------------------------------------
     0 | D:1      | dillytodds the Palentonga Fighter began the quest for the
                  | Orb.
     0 | D:1      | Reached XP level 1. HP: 20/20 MP: 1/1
   264 | D:1      | Reached XP level 2. HP: 27/27 MP: 2/2
   616 | D:1      | Reached XP level 3. HP: 33/33 MP: 3/3
   853 | D:2      | Noticed Jessica
   867 | D:2      | Killed Jessica
   868 | D:2      | Reached skill level 3 in Axes
   868 | D:2      | Reached skill level 1 in Dodging
   868 | D:2      | Reached XP level 4. HP: 35/40 MP: 4/4
  1247 | D:2      | Reached XP level 5. HP: 48/48 MP: 5/5
  1247 | D:2      | Noticed Natasha
  1250 | D:2      | Killed Natasha
  1289 | D:2      | Found a stormy altar of Qazlal.
  1289 | D:2      | Found a hazy altar of Hepliaklqana.
  1680 | D:2      | Noticed Natasha
  1693 | D:2      | HP: 1/48 [iron imp[Natasha] (7)]
  1694 | D:2      | Killed Natasha
  1695 | D:2      | Reached skill level 4 in Axes
  1721 | D:2      | Noticed Natasha
  1988 | D:2      | Killed Natasha
  2006 | D:3      | Noticed a centaur
  2014 | D:3      | Killed a centaur
  2015 | D:3      | Reached XP level 6. HP: 32/54 MP: 6/6
  2306 | D:3      | Found an opulent altar of Gozag.
  2308 | D:3      | Found a faded altar of an unknown god.
  2861 | D:4      | Found a snail-covered altar of Cheibriados.
  2862 | D:4      | Found a glowing golden altar of the Shining One.
  2868 | D:4      | Found a sacrificial altar of Ru.
  2872 | D:4      | Found a white marble altar of Elyvilon.
  3172 | D:4      | Found a glowing drain.
  3176 | Sewer    | Entered a sewer
  3675 | D:4      | Noticed Grinder
  3680 | D:4      | Killed Grinder
  3681 | D:4      | Reached skill level 5 in Axes
  3681 | D:4      | Gained mutation: You curl defensively after being hit.
                  | [Palentonga growth]
  3681 | D:4      | Reached XP level 7. HP: 47/63 MP: 7/7
  3819 | D:4      | Found an ancient bone altar of Kikubaaqudgha.
  4030 | D:5      | Entered Level 5 of the Dungeon
  4088 | D:5      | Reached skill level 6 in Axes
  4090 | D:5      | Noticed Sigmund
  4099 | D:5      | Killed Sigmund
  4100 | D:5      | Reached XP level 8. HP: 52/71 MP: 8/8
  4256 | D:5      | Found a staircase to the Ecumenical Temple.
  4272 | Temple   | Entered the Ecumenical Temple
  4333 | Temple   | Became a worshipper of Warmaster Okawaru
  4497 | D:5      | Noticed Eustachio
  4770 | D:5      | Killed Eustachio
  4771 | D:5      | Reached skill level 1 in Invocations
  5390 | D:6      | Reached * piety under Okawaru
  5414 | D:6      | Reached skill level 7 in Axes
  5528 | D:6      | Noticed a moth of wrath
  5572 | D:6      | Found a bloodstained altar of Trog.
  5767 | D:6      | Reached skill level 5 in Fighting
  5914 | D:6      | Reached XP level 9. HP: 75/79 MP: 11/11
  6094 | D:6      | Reached ** piety under Okawaru
  6186 | D:6      | Found a glowing silver altar of Zin.
  6187 | D:6      | Noticed an angel
  7098 | D:7      | Reached skill level 8 in Axes
  7613 | D:7      | Found the +2 ratskin cloak {*Rats rPois rN+ Str-1 Int-1
                  | Dex+1}
  7629 | D:7      | Mangled by a hell rat

Illustrated notes

Levels and vault maps discovered:
D:1:      nzn_arrival_water_spiral, layout_loops_ring, minmay_cut_off
D:2:      layout_loops_ring, gammafunk_temple_overflow_elements,
          serial_bayou_pond_b, uniq_natasha, uniq_jessica
D:3:      layout_loops_ring, nicolae_gozag_cash_rules_everything_around_me,
          chequers_ecumenical_altar_simple_redux
D:4:      layout_gridville, minitemple, kiku_gazebo_garden_becter,
          gup_sewer_entry_bowl, uniq_grinder
D:5:      layout_cave_pools, minmay_temple_entry_antechambers,
          chequers_serial_rivers_large_a, uniq_sigmund, uniq_eustachio
D:6:      layout_basic, zin_angel, tgw_trog
D:7:      wander_guarded_unrand_ratskin, layout_loops_ring
Temple:   dshaligram_water_room_temple

Skill      XL: |  1  2  3  4  5  6  7  8  9 |
---------------+----------------------------+-----
Axes           | 3 4 5 6 7 8 |  8.1
Dodging        | 1 2 3 4 |  4.6
Armour         | 3 4 |  4.7
Shields        | 3 4 |  4.5
Fighting       | 4 5 |  5.4
Invocations    | 2 4 |  4.0

Action                   |  1- 3 |  4- 6 |  7- 9 || total
-------------------------+-------+-------+-------++-------
Melee: War axe           |    87 |   214 |   312 ||   613
       Tailslap          |     5 |    20 |    32 ||    57
 Abil: Rolling Charge    |     9 |    44 |    42 ||    95
Evoke: Wand              |       |       |     1 ||     1
  Use: Potion            |       |     1 |     1 ||     2
       Scroll            |       |       |     9 ||     9
Armor: Scale mail        |    13 |       |       ||    13
       Ring mail         |    34 |    96 |    92 ||   222
       Leather armour    |       |       |     5 ||     5
Dodge: Dodged            |    22 |    50 |   158 ||   230
Block: Kite shield       |    34 |    92 |   166 ||   292

Table legend: (Time is in decaauts)
 A = Elapsed time spent in this place.
 B = Non-inter-level travel time spent in this place.
 C = Inter-level travel time spent in this place.
 D = Time resting spent in this place.
 E = Time spent auto-exploring this place.
 F = Levels seen in this place.
 G = Mean time per level.
                   A        B        C        D        E       F      G
               +--------+--------+--------+--------+--------+-----+--------+
         Total |   7890 |   7685 |    205 |   1708 |   4234 |   9 |  876.7 |
       Dungeon |   7298 |   7116 |    182 |   1629 |   3909 |   7 | 1042.6 |
        Temple |     94 |     71 |     23 |      0 |     63 |   1 |   94.0 |
         Sewer |    497 |    497 |      0 |     79 |    262 |   1 |  497.0 |
               +--------+--------+--------+--------+--------+-----+--------+

Top non-repeatable levels by time:
     D:6: 1354 daAuts
     D:1: 1122 daAuts
     D:4: 1052 daAuts
     D:7: 1040 daAuts
     D:5: 953 daAuts
     D:2: 945 daAuts
     D:3: 830 daAuts
   Sewer: 497 daAuts
  Temple: 94 daAuts
